 Dungeon Crawl Stone Soup version 0.20.1-1-g8b1a95d (webtiles) character file.

1027 Mesmaeker13 the Charlatan (level 8, -3/72 HPs)
             Began as a Deep Dwarf Artificer on Dec 13, 2017.
             Was a Follower of Makhleb.
             Splashed by a jelly's acid (7 damage)
             ... on level 5 of the Dungeon.
             The game lasted 00:13:43 (5442 turns).

Mesmaeker13 the Charlatan (Deep Dwarf Artificer)    Turns: 5442, Time: 00:13:45

Health: -3/72      AC:  8    Str: 16 (17) XL:     8   Next: 3%
Magic:  10/10      EV: 11    Int: 11 (12) God:    Makhleb [*.....]
Gold:   172        SH:  0    Dex: 14      Spells: 7/7 levels left

rFire    x . .     SeeInvis .   h - +1 war axe (flame)
rCold    + + +     Gourm    .   (no shield)
rNeg     . . .     Faith    .   w - +0 ice dragon scales
rPois    .         Spirit   .   D - +0 helmet
rElec    .         Reflect  .   (no cloak)
rCorr    .         Harm     .   A - +0 pair of gloves
MR       +....                  (no boots)
Stlth    ..........             (no amulet)
Regen    0.0/turn               C - ring of protection from cold
MPRegen  0.2/turn               (no ring)

@: corroded, non-regenerating
A: damage resistance, heal wounds, sense surroundings 1, no regeneration
a: Heal Wounds, Renounce Religion


You were on level 5 of the Dungeon.
You worshipped Makhleb.
Makhleb was aware of your devotion.
You were not hungry.

You visited 2 branches of the dungeon, and saw 6 of its levels.
You also visited: Sewer.

You collected 172 gold pieces.

Inventory:

Hand Weapons
 h - a +1 war axe of flaming (weapon)
 E - a +1 hand axe of venom
Armour
 u - a +0 chain mail
 w - +0 ice dragon scales (worn)
 A - a +0 pair of gloves (worn)
 D - a +0 helmet (worn)
Jewellery
 C - a ring of protection from cold (left hand)
Wands
 c - a wand of flame (0/48)
 d - a wand of enslavement (8/24)
 e - a wand of random effects (4/48)
Scrolls
 a - a scroll of magic mapping {unknown}
 k - 3 scrolls of enchant armour {unknown}
 l - 2 scrolls of amnesia {unknown}
 m - 2 scrolls of fog {unknown}
 p - a scroll of enchant weapon {unknown}
 s - 3 scrolls of fear
 y - 2 scrolls of teleportation
 z - a scroll of blinking
Potions
 b - a potion of curing
 j - 2 potions of haste
 n - 2 potions of magic {unknown}
 o - 2 potions of cancellation {unknown}
 r - a potion of heal wounds {unknown}
 x - 3 potions of might {unknown}
 B - a potion of brilliance {unknown}
Comestibles
 f - a bread ration
 i - 6 fruits
 q - 3 royal jellies


   Skills:
 + Level 4.2 Fighting
   Level 0.8 Short Blades
 + Level 4.4 Axes
 + Level 3.5 Armour
 - Level 4.0 Dodging
 - Level 1.2 Stealth
 + Level 7.5 Evocations


You had 7 spell levels left.
You didn't know any spells.

Dungeon Overview and Level Annotations

Branches:
Dungeon (5/15)             Temple (1/1) D:4

Altars:
Ashenzari
Cheibriados
Dithmenos
Elyvilon
Fedhas
Gozag
Hepliaklqana
Kikubaaqudgha
Makhleb
Nemelex Xobeh
Okawaru
Ru
Trog
Uskayaw
Vehumet
Xom
Yredelemnul
Zin
The Shining One


Innate Abilities, Weirdness & Mutations

You are resistant to damage.
You can heal yourself by infusing magical energy.
You passively map a small area around you.
You do not regenerate.


Message History

Your +1 hand axe of venom stops dripping with poison.
Your +1 war axe of flaming bursts into flame!
h - a +1 war axe of flaming (weapon)
You hit the jelly. You burn the jelly. The acid corrodes you!
Your hands burn!
The jelly is moderately wounded.
The jelly hits you.
You are splashed with acid!
The acid burns!
* * * LOW HITPOINT WARNING * * *
You hit the jelly but do no damage.
Your hands burn!
* * * LOW HITPOINT WARNING * * *
The jelly is moderately wounded.
The jelly hits you.
You are splashed with acid!
The acid burns!
* * * LOW HITPOINT WARNING * * *
The jelly misses you.
You hit the jelly but do no damage.
Your hands burn!
* * * LOW HITPOINT WARNING * * *
The jelly is moderately wounded.
The jelly hits you.
* * * LOW HITPOINT WARNING * * *
You are splashed with acid!
The acid burns!
You die...

,, #.*............# ,. ,#
#.##...........# * ..
#.#....####......# *
...#.#..............# *
....................####
..........#####.....^..#
..........# #.....####.#
..........# #..........#,
........J@# #........#.#
$.......######<..###...#.#
..........................
.....................#.#.#
###.?.............####.#..
* #.#.............# #.# #
* ,.................# .. ,
.......,......†#.# #* , ,
,.......#.#


You could see a jelly.

Vanquished Creatures
  2 sky beasts (D:5)
  An ice beast (D:5)
  A phantom (D:5)
  An ogre (D:4)
  2 iguanas (D:4)
  6 adders
  3 worker ants (D:4)
  A hound (D:4)
  A gnoll (D:4)
  2 river rats (D:3)
  A shadow imp (D:3)
  3 worms
  4 dart slugs
  6 leopard geckos
  2 orcs (D:4)
  2 bats (D:2)
  7 giant cockroaches
  5 goblins
  9 hobgoblins
  13 jackals
  A quokka (D:2)
  5 ball pythons (Sewer)
  6 frilled lizards
  9 kobolds
  A leopard gecko skeleton (D:4)
  7 rats
101 creatures vanquished.

Vanquished Creatures (collateral kills)
  Sigmund (D:2)
  An ogre (D:4)
  A worker ant (D:4)
  2 gnolls (D:4)
  An adder (D:3)
  A leopard gecko (D:1)
  A giant cockroach (D:4)
  2 jackals (D:3)
  A kobold (D:1)
11 creatures vanquished.

Grand Total: 112 creatures vanquished

Notes
Turn   | Place    | Note
-------+----------+-------------------------------------------
     0 | D:1      | Mesmaeker13 the Deep Dwarf Artificer began the quest for the Orb.
     0 | D:1      | Reached XP level 1. HP: 16/16 MP: 3/3
     9 | D:1      | Reached skill level 1 in Fighting
   545 | D:1      | Reached XP level 2. HP: 15/25 MP: 5/5
  1102 | D:2      | Reached XP level 3. HP: 11/31 MP: 6/6
  1285 | D:2      | Noticed Sigmund
  1402 | D:2      | Killed Sigmund
  1402 | D:2      | Reached skill level 1 in Axes
  1402 | D:2      | Reached skill level 5 in Evocations
  1402 | D:2      | Reached XP level 4. HP: 19/40 MP: 5/7
  1402 | D:2      | Reached XP level 5. HP: 22/46 MP: 5/8
  2288 | D:3      | Found an opulent altar of Gozag.
  2673 | D:3      | Reached XP level 6. HP: 9/55 MP: 9/9
  2683 | D:3      | Reached skill level 6 in Evocations
  2689 | D:3      | Found a glowing drain.
  2693 | Sewer    | Entered a sewer
  3899 | D:4      | Reached skill level 1 in Armour
  4002 | D:4      | Found a staircase to the Ecumenical Temple.
  4045 | Temple   | Entered the Ecumenical Temple
  4195 | Temple   | Became a worshipper of Makhleb the Destroyer
  4922 | D:4      | Reached XP level 7. HP: 21/62 MP: 7/9
  5125 | D:5      | Entered Level 5 of the Dungeon
  5248 | D:5      | Reached skill level 7 in Evocations
  5368 | D:5      | Reached * piety under Makhleb
  5423 | D:5      | Reached XP level 8. HP: 22/72 MP: 10/10
  5442 | D:5      | Splashed by a jelly's acid

Skill      XL: |  1  2  3  4  5  6  7 |
---------------+----------------------+-----
Fighting       | 1 2 3 4 |  4.2
Axes           | 1 2 3 4 |  4.4
Dodging        | 3 4 |  4.0
Evocations     | 5 6 7 |  7.5
Armour         | 1 3 |  3.5
Short Blades   | |  0.8
Stealth        | |  1.2

Action                   |  1- 3 |  4- 6 |  7- 9 || total
-------------------------+-------+-------+-------++-------
Melee: Dagger            |    17 |       |       ||    17
       Short sword       |     9 |       |       ||     9
       Mace              |    25 |       |       ||    25
       Hand axe          |    11 |   266 |    47 ||   324
       War axe           |       |       |    34 ||    34
 Abil: Heal Wounds       |     2 |     2 |     1 ||     5
Evoke: Wand              |    14 |    18 |     1 ||    33
  Use: Scroll            |     4 |     1 |     3 ||     8
       Potion            |       |     4 |       ||     4
 Stab: Sleeping          |     2 |       |       ||     2
       Distracted        |     1 |       |       ||     1
       Paralysed         |       |       |     6 ||     6
  Eat: Chunk             |     1 |    13 |     2 ||    16
Armor: Leather armour    |    10 |       |       ||    10
       Ice dragon scales |       |    79 |    51 ||   130
       Chain mail        |       |    16 |       ||    16
       Ring mail         |       |    14 |       ||    14
Dodge: Dodged            |    28 |   157 |    32 ||   217
